Construct Infanterie Kompanie
Selects Italian Coastal Battlegroup
Construct Infanterie Kompanie
Selects Artillery Officer
Construct Luftwaffe Kompanie
Selects Designate Defensive Line
Construct Panzergrenadier Kompanie
Selects Designated Artillery Overwatch
Nebelwerfer 42 Rocket Launcher Team
Luftwaffe Officer Quarters
Nebelwerfer 42 Rocket Launcher Team
Nebelwerfer 42 Rocket Launcher Team
Marder III M Tank Destroyer
Designated Artillery Overwatch
Nebelwerfer 42 Rocket Launcher Team
Construct Panzer Kompanie